 Dungeon Crawl Stone Soup version 0.17.1-1-g73c8601 (webtiles) character file.

30828 Zaber the Cleaver (level 13, -21/123 HPs)
             Began as a Deep Dwarf Fighter on Jan 13, 2016.
             Was the Champion of Okawaru.
             Demolished by a jiangshi (22 damage)
             ... summoned by a mummy priest
             ... on level 14 of the Dungeon.
             The game lasted 02:04:56 (13658 turns).

Zaber the Cleaver (Deep Dwarf Fighter)             Turns: 13658, Time: 02:04:56

Health: -21/123    AC:  3    Str: 27    XL:     13   Next: 22%
Magic:  6/6        EV: 10    Int: 11    God:    Okawaru [******]
Gold:   1045       SH: 14    Dex: 13    Spells: 0 memorised, 12 levels left

rFire  + . .     SeeInvis .     x - +8 broad axe "Qitsas" {chop, rN+ MR++ Stlth-}
rCold  . . .     Clarity  .     i - +0 plate armour
rNeg   + . .     SustAt   .     c - +1 shield
rPois  .         Gourm    .     (helmet restricted)
rElec  .         Spirit   .     v - +0 cloak
rCorr  .         Warding  .     h - +0 pair of gloves {Str+3}
rMut   .         Stasis   .     w - +0 pair of boots {run}
MR     +++..                    (no amulet)
Stlth  ..........               (no ring)
                                (no ring)

@: corroded equipment, non-regenerating, quick, extremely resistant to hostile
enchantments, extremely unstealthy
A: damage resistance, recharge devices, horns 1, blurry vision 1, clever 1, fire
resistance 1, sense surroundings 2, slow regeneration 3
a: Device Recharging, Heroism, Finesse, Renounce Religion


You were on level 14 of the Dungeon.
You worshipped Okawaru.
Okawaru was exalted by your worship.
You were not hungry.

You visited 3 branches of the dungeon, and saw 16 of its levels.

You collected 1045 gold pieces.

Inventory:

Hand Weapons
 x - the +8 broad axe "Qitsas" (weapon) {chop, rN+ MR++ Stlth-}
   (You found it on level 7 of the Dungeon)

   It inflicts extra damage upon your enemies.
   It protects you from negative energy.
   It affects your resistance to hostile enchantments.
   It makes you less stealthy.
 D - a +1 battleaxe of electrocution
Missiles
 z - 4 tomahawks of returning (quivered)
Armour
 c - a +1 shield (worn)
 h - a +0 pair of gloves of strength (worn)
 i - a +0 plate armour (worn)
 v - a +0 cloak (worn)
 w - a +0 pair of boots of running (worn)
Jewellery
 q - an uncursed ring of protection from cold
 F - an uncursed amulet of regeneration
Wands
 b - a wand of polymorph (12)
 d - a wand of flame (24)
 e - a wand of heal wounds (4)
 k - a wand of digging (4)
 u - a wand of fire (0)
 E - a wand of slowing (17)
Scrolls
 j - a scroll of immolation
 m - a scroll of teleportation
 t - 2 scrolls of identify
 y - 3 scrolls of remove curse
Potions
 B - 4 potions of cure mutation
 G - a potion of magic
Books
 f - a book of Callings

   Spells                             Type                      Level
   a - Summon Small Mammal            Summoning                    1
   b - Call Imp                       Summoning                    2
   c - Call Canine Familiar           Summoning                    3
   d - Summon Guardian Golem          Hexes/Summoning              3
   e - Summon Lightning Spire         Summoning/Air                4
   f - Summon Ice Beast               Ice/Summoning                4
 n - a book of Burglary

   Spells                             Type                      Level
   a - Swiftness                      Charms/Air                   2
   b - Passwall                       Transmutation/Earth          3
   c - Passage of Golubria            Translocation                4
   d - Lee's Rapid Deconstruction     Earth                        5
   e - Darkness                       Hexes                        6
   f - Invisibility                   Hexes                        6
 A - a Grand Grimoire

   Spells                             Type                      Level
   a - Monstrous Menagerie            Summoning                    6
   b - Summon Greater Demon           Summoning                    7
   c - Malign Gateway                 Summoning/Translocation      7
   d - Summon Horrible Things         Summoning                    8
Miscellaneous
 C - a stone of tremors
Comestibles
 g - 2 fruits
 l - 2 meat rations
 o - a slice of pizza
 p - 4 bread rations
 r - 2 beef jerkies
 s - 13 royal jellies


   Skills:
 + Level 9.8 Fighting
 + Level 13.0 Axes
   Level 0.5(7.1) Polearms
 + Level 11.0 Armour
 + Level 6.4 Dodging
 + Level 1.6 Stealth
 + Level 12.2 Shields
 + Level 6.0 Evocations


You had 12 spell levels left.
You didn't know any spells.

Dungeon Overview and Level Annotations

Branches:
Dungeon (14/15)            Temple (1/1) D:6            Lair (1/8) D:10
    Orc (0/4) D:9
 Vaults: D:13-14

Altars:
Ashenzari
Cheibriados
Dithmenos
Elyvilon
Fedhas
Gozag
Kikubaaqudgha
Makhleb
Nemelex Xobeh
Okawaru
Qazlal
Ru
Sif Muna
Trog
Vehumet
Xom
Yredelemnul
Zin
The Shining One

Annotations:
D:14 Menkaure


Innate Abilities, Weirdness & Mutations

You are resistant to damage.
You can recharge devices by infusing magical energy.
You passively map the area around you.
You do not regenerate naturally.
You have a pair of small horns on your head.
Scrolls take you a little longer to read.
Your mind is acute. (Int +2)
Your flesh is heat resistant.


Message History

Your plate armour prevents you from hitting the spectral centaur.
You closely miss the jiangshi. You slash Menkaure!
Menkaure is severely damaged.
You block the jiangshi's attack. The jiangshi closely misses you.
Menkaure calls on the powers of darkness!
Your body is wracked with pain!
* * * LOW HITPOINT WARNING * * *
The spectral centaur hits you.
* * * LOW HITPOINT WARNING * * *
Something hits you!
* * * LOW HITPOINT WARNING * * *
You hit the jiangshi but do no damage. You hit Menkaure.
Menkaure is severely damaged.
You hit something.
You hit the spectral centaur but do no damage.
The jiangshi closely misses you. The jiangshi claws you!!
* * * LOW HITPOINT WARNING * * *
The spectral centaur closely misses you.
You block Menkaure's attack. The jiangshi claws you!!
You die...

,*
*8..#.......#..8#
, *
*#..,..###.....###
, ,.# *#8##...#.[#
* * , *
##[*##.##### ** *
,, , , ." #...#..#
,, , * * ,
##.##....### ,, ,*
#.ZM##...#8# , , *
, * ##zZ.###...#*
, , , *
*#..V@.###.## , #
* , ,#...#M..#...#
,,,, *
*.....#.#.....#.#
, * ,, *##8#
#[###8###.# ,, # *
## ### * #* , , #
* * ** * * ### * ,
, , * ... ,, , , ,
,, , , ... , , , ,
, ,,, , ,,


You could see a mummy priest, a jiangshi, a spectral centaur, Menkaure, a wight
and a centaur zombie.

Vanquished Creatures
  Rupert (D:12)
  2 mummy priests (D:14)
  3 centaur warriors
  A hydra (D:11)
  An unseen horror (D:11)
  Pikel (D:7)
  A flayed ghost (D:14)
  5 hill giants
  4 ugly things
  A griffon (D:13)
  A centaur zombie (D:8)
  A cyclops (D:12)
  Joseph (D:7)
  A gargoyle (D:12)
  2 komodo dragons
  A guardian mummy (D:14)
  2 trolls (D:11)
  A queen bee (D:9)
  A two-headed ogre (D:12)
  A queen bee (shapeshifter) (D:14)
  Grinder (D:3)
  3 blink frogs (Lair:1)
  5 slime creatures (D:12)
  A deep elf mage (D:9)
  2 wyverns (D:12)
  2 shadows
  24 yaks
  2 wraiths
  A spriggan (D:8)
  3 steam dragons
  A mottled dragon (D:11)
  4 hippogriffs
  A hungry ghost (D:5)
  A water moccasin (D:10)
  Duvessa (D:4)
  A slave (D:7)
  4 sky beasts
  4 ice beasts
  10 orc warriors
  4 phantoms
  A necrophage (D:6)
  6 ogres
  A crocodile (D:12)
  11 centaurs
  7 giant frogs
  A big kobold (D:7)
  2 wyvern zombies
  Dowan (D:4)
  3 scorpions
  24 killer bees
  6 wights
  3 giant frog zombies
  9 crimson imps
  A lava snake (D:12)
  7 hounds
  A quasit (D:9)
  3 iron imps (D:3)
  A centaur skeleton (D:7)
  4 jellies
  10 orc priests
  2 giant frog skeletons
  A gnoll shaman (D:5)
  3 iguanas
  A killer bee zombie (D:10)
  19 orc wizards
  2 hell rats (D:5)
  8 worker ants
  A mummy (D:14)
  17 adders
  A river rat (D:5)
  4 shadow imps
  An ooze (D:6)
  3 adder zombies
  3 worms
  5 giant geckos
  42 orcs
  5 bats
  6 giant cockroaches
  17 goblins
  5 hobgoblins
  19 jackals
  9 kobolds
  5 quokkas
  5 ball pythons
  6 giant newts
  A jackal zombie (D:7)
  29 rats
  A fungus (D:11)
  22 plants
452 creatures vanquished.

Vanquished Creatures (others)
  A slave (D:7)
  A jelly (D:7)
  A kobold (D:7)
  A plant (D:10)
4 creatures vanquished.

Grand Total: 456 creatures vanquished

Notes
Turn   | Place    | Note
--------------------------------------------------------------
     0 | D:1      | Zaber the Deep Dwarf Fighter began the quest for the Orb.
     0 | D:1      | Reached XP level 1. HP: 20/20 MP: 1/1
   367 | D:1      | Reached XP level 2. HP: 27/27 MP: 2/2
  1035 | D:1      | Reached XP level 3. HP: 27/34 MP: 3/3
  1079 | D:2      | Gained mutation: Your flesh is heat resistant. [potion of mutation]
  1079 | D:2      | Gained mutation: Your mind is acute. (Int +2) [potion of mutation]
  1079 | D:2      | Gained mutation: Scrolls take you a little longer to read. [potion of mutation]
  1086 | D:2      | Gained mutation: You have a pair of small horns on your head. [potion of beneficial mutation]
  1366 | D:2      | Reached skill level 4 in Armour
  1385 | D:2      | Reached skill level 1 in Stealth
  1664 | D:2      | Reached XP level 4. HP: 33/42 MP: 4/4
  2265 | D:3      | Noticed a phantom
  2278 | D:3      | Reached skill level 1 in Dodging
  2298 | D:3      | Killed a phantom
  2298 | D:3      | Reached XP level 5. HP: 30/49 MP: 5/5
  2666 | D:3      | Noticed Grinder
  2697 | D:3      | Found a burning altar of Makhleb.
  2730 | D:3      | Paralysed by Grinder for 7 turns
  2749 | D:3      | Reached XP level 6. HP: 19/57 MP: 6/6
  2764 | D:3      | Paralysed by Grinder for 3 turns
  2767 | D:3      | Killed Grinder
  2767 | D:3      | Reached skill level 5 in Armour
  2767 | D:3      | Reached skill level 5 in Shields
  3047 | D:4      | Noticed Duvessa
  3051 | D:4      | Noticed Dowan
  3063 | D:4      | Killed Duvessa
  3063 | D:4      | Reached XP level 7. HP: 47/64 MP: 7/7
  3087 | D:4      | Killed Dowan
  3664 | D:4      | Reached skill level 1 in Evocations
  4363 | D:5      | Entered Level 5 of the Dungeon
  4532 | D:5      | Found a basalt altar of Yredelemnul.
  4532 | D:5      | Found a blossoming altar of Fedhas.
  4604 | D:5      | Reached skill level 6 in Armour
  4604 | D:5      | Reached XP level 8. HP: 45/73 MP: 8/8
  4917 | D:5      | Found an ancient bone altar of Kikubaaqudgha.
  4929 | D:5      | Found a shimmering altar of Xom.
  5252 | D:5      | Reached skill level 5 in Axes
  5632 | D:6      | Found a white marble altar of Elyvilon.
  5689 | D:6      | Reached skill level 7 in Shields
  5737 | D:6      | You fall through a shaft for 2 floors!
  5813 | D:6      | Found a staircase to the Ecumenical Temple.
  5848 | Temple   | Entered the Ecumenical Temple
  5870 | Temple   | Became a worshipper of Warmaster Okawaru
  5957 | D:6      | Gained mutation: You passively map the area around you. [Deep Dwarf growth]
  5957 | D:6      | Reached XP level 9. HP: 57/79 MP: 10/10
  5982 | D:6      | Reached skill level 5 in Fighting
  6132 | D:6      | Reached * piety under Okawaru
  6166 | D:6      | Reached skill level 8 in Shields
  6568 | D:7      | Identified a scroll of acquirement
  6577 | D:7      | Identified a +0 pair of boots of running (You acquired it on level 7 of the Dungeon)
  6749 | D:7      | Noticed Pikel
  6765 | D:7      | Killed Pikel
  6765 | D:7      | Reached ** piety under Okawaru
  6765 | D:7      | Reached skill level 5 in Dodging
  6956 | D:7      | Got a warped broad axe
  6959 | D:7      | Identified the +8 broad axe "Qitsas" {chop, rN+ MR++ Stlth-} (You found it on level 7 of the Dungeon)
  7110 | D:7      | Reached XP level 10. HP: 46/91 MP: 11/11
  7230 | D:7      | Noticed Joseph
  7247 | D:7      | Killed Joseph
  7436 | D:8      | Reached skill level 9 in Shields
  7577 | D:8      | Reached *** piety under Okawaru
  7947 | D:8      | Noticed a centaur zombie
  7961 | D:8      | Killed a centaur zombie
  8260 | D:9      | Reached **** piety under Okawaru
  8404 | D:9      | Found a staircase to the Orcish Mines.
  8515 | D:9      | Found a glowing silver altar of Zin.
  8654 | D:9      | Reached skill level 10 in Shields
  8882 | D:9      | Found a radiant altar of Vehumet.
  8900 | D:9      | Reached ***** piety under Okawaru
  8900 | D:9      | Reached XP level 11. HP: 71/100 MP: 11/11
  9053 | D:10     | Entered Level 10 of the Dungeon
  9666 | D:10     | Found a staircase to the Lair.
  9766 | Lair:1   | Entered Level 1 of the Lair of Beasts
  9831 | Lair:1   | Noticed a seven-headed hydra
 10308 | D:10     | Noticed a hill giant
 10318 | D:10     | Killed a hill giant
 10542 | D:11     | Reached skill level 10 in Axes
 10673 | D:11     | Noticed a centaur warrior
 10682 | D:11     | Killed a centaur warrior
 10683 | D:11     | Killed an unseen horror
 10683 | D:11     | Received a gift from Okawaru
 10683 | D:11     | Reached skill level 11 in Shields
 10684 | D:11     | Noticed a hill giant
 10735 | D:11     | Reached ****** piety under Okawaru
 10811 | D:11     | Reached skill level 10 in Armour
 10817 | D:11     | Killed a hill giant
 10817 | D:11     | Reached XP level 12. HP: 102/111 MP: 8/8
 11191 | D:11     | Found a sacrificial altar of Ru.
 11262 | D:11     | Noticed a four-headed hydra
 11277 | D:11     | Killed an 11-headed hydra
 11369 | D:11     | Noticed a hill giant
 11377 | D:11     | Killed a hill giant
 11756 | D:12     | Reached skill level 5 in Evocations
 11838 | D:12     | Noticed Rupert
 11858 | D:12     | Killed Rupert
 11858 | D:12     | Received a gift from Okawaru
 11898 | D:12     | Reached skill level 12 in Axes
 11902 | D:12     | Received a gift from Okawaru
 12639 | D:13     | Noticed a centaur warrior
 12652 | D:13     | Killed a centaur warrior
 12655 | D:13     | Reached XP level 13. HP: 64/121 MP: 8/8
 13535 | D:14     | Found a basalt altar of Yredelemnul.
 13604 | D:14     | Reached skill level 13 in Axes
 13651 | D:14     | Noticed Menkaure
 13658 | D:14     | HP: 1/123 [jiangshi[a mummy priest] (19)]
 13658 | D:14     | Demolished by a jiangshi

Action                   |  1- 3 |  4- 6 |  7- 9 | 10-12 | 13-15 || total
-------------------------+-------+-------+-------+-------+-------++-------
Melee: War axe           |   122 |   124 |   381 |       |       ||   627
       Broad axe         |       |       |    15 |   645 |    85 ||   745
       Trident           |       |       |     3 |       |       ||     3
Throw: Tomahawk          |       |       |       |     1 |       ||     1
Invok: Heroism           |       |       |       |       |     1 ||     1
 Abil: Device Recharging |       |       |       |     9 |     2 ||    11
Evoke: Wand              |       |     4 |    10 |    54 |    10 ||    78
  Use: Scroll            |     3 |     5 |    17 |    15 |     4 ||    44
       Potion            |     5 |     3 |     7 |     4 |     1 ||    20
  Eat: Bread ration      |     1 |     2 |     3 |     2 |       ||     8
       Pizza             |       |       |     4 |       |       ||     4
       Fruit             |       |       |     3 |     6 |       ||     9
       Royal jelly       |       |       |       |     2 |     2 ||     4
